 Dungeon Crawl Stone Soup version 0.18-a0-1685-g4482fe3 (webtiles) character file.

16940 Heskey the Fighter (level 12, -2/67 HPs)
             Began as a Gargoyle Fighter on Apr 4, 2016.
             Was the Champion of Okawaru.
             Killed from afar by a hell hog (40 damage)
             ... with a fireball
             ... on level 3 of the Abyss.
             The game lasted 00:40:20 (13424 turns).

Heskey the Fighter (Gargoyle Fighter)              Turns: 13424, Time: 00:40:21

Health: -2/67      AC: 25    Str: 20    XL:     12   Next: 42%
Magic:  14/14      EV:  9    Int:  6    God:    Okawaru [******]
Gold:   396        SH: 11    Dex:  5    Spells: 0 memorised, 11 levels left

rFire  . . .     SeeInvis .     a - +3 trident
rCold  . . .     Gourm    .     A - +2 plate armour
rNeg   + . .     Faith    .     c - +0 shield
rPois  ∞         Spirit   .     i - +1 helmet
rElec  +         Dismiss  .     M - +1 cloak {rPois}
rCorr  .         Reflect  .     (no gloves)
SustAt .         Harm     .     (no boots)
MR     .....     Rnd*Tele +     x - amulet of regeneration
Stlth  ..........               (no ring)
                                B - +4 ring of evasion

@: not resistant to hostile enchantments, extremely unstealthy
A: blurry vision 2, clumsy 2, deformed body, deterioration 2, dopey 2, frail 2,
negative energy resistance 1, electricity resistance, slow regeneration 2,
teleportitis 2, weak 2, unbreathing, petrification resistance, rot immunity, AC
+8
a: Heroism, Finesse, Renounce Religion


You were on level 3 of the Abyss.
You worshipped Okawaru.
Okawaru was exalted by your worship.
You were not hungry.

You visited 2 branches of the dungeon, and saw 13 of its levels.
You visited the Abyss 1 time.

You collected 558 gold pieces.
You spent 162 gold pieces at shops.

Inventory:

Hand Weapons
 a - a +3 trident (weapon)
Armour
 c - a +0 shield (worn)
 i - a +1 helmet (worn)
 A - a +2 plate armour (worn)
 M - a +1 cloak of poison resistance (worn)
Jewellery
 g - an uncursed amulet of guardian spirit
 n - an uncursed ring of stealth
 x - an amulet of regeneration (around neck)
 B - a +4 ring of evasion (left hand)
 H - a +2 amulet of reflection
Wands
 q - a wand of confusion (25/48)
 r - a wand of slowing (18/48)
 t - a wand of lightning (0/15)
 y - a wand of digging (11/24)
 E - a wand of random effects (9/48)
 G - a wand of acid (0/15)
 L - a wand of teleportation (6/9)
Scrolls
 e - 4 scrolls of teleportation
 h - 9 scrolls of identify
 j - a scroll of amnesia
 k - 5 scrolls of remove curse
 F - 2 scrolls of recharging
Potions
 l - a potion of lignification
 s - 6 potions of curing
 u - a potion of heal wounds
 z - 2 potions of cancellation
 C - a potion of ambrosia
 I - a potion of magic
Books
 b - a Grand Grimoire

   Spells                             Type                      Level
   a - Monstrous Menagerie            Summoning                    7
   b - Summon Greater Demon           Summoning                    7
   c - Malign Gateway                 Summoning/Translocation      7
   d - Summon Horrible Things         Summoning                    8
 o - a book of Spatial Translocations

   Spells                             Type                      Level
   a - Apportation                    Translocation                1
   b - Blink                          Translocation                2
   c - Shroud of Golubria             Charms/Translocation         2
   d - Portal Projectile              Translocation                3
   e - Teleport Other                 Translocation                3
   f - Passage of Golubria            Translocation                4
 J - a book of Envenomations

   Spells                             Type                      Level
   a - Spider Form                    Transmutation/Poison         3
   b - Olgreb's Toxic Radiance        Poison                       4
   c - Alistair's Intoxication        Transmutation/Poison         5
   d - Poisonous Cloud                Conjuration/Poison/Air       6
Comestibles
 f - 11 bread rations
 m - 2 slices of pizza
 p - 4 beef jerkies
 v - 4 meat rations


   Skills:
 * Level 13.7 Fighting
 + Level 8.4 Polearms
 + Level 10.1 Armour
 + Level 10.3 Shields
 + Level 3.1 Invocations


You had 11 spell levels left.
You didn't know any spells.

Dungeon Overview and Level Annotations

Branches:
Dungeon (12/15)            Temple (1/1) D:6            Lair (0/8) D:10
    Orc (0/2) D:10

Altars:
Ashenzari
Cheibriados
Dithmenos
Elyvilon
Fedhas
Gozag
Kikubaaqudgha
Makhleb
Nemelex Xobeh
Okawaru
Pakellas
Qazlal
Sif Muna
Trog
Vehumet
Xom
Yredelemnul
Zin

Shops:
D:10 [(   D:11 [

Annotations:
D:10 Nergalle; ololoev's ghost, journeyman SpGl
D:11 exclusion: ice statue


Innate Abilities, Weirdness & Mutations

You are resistant to torment.
Your stone body is resilient (AC +8).
You are immune to poison.
You resist negative energy.
You are resistant to electric shocks.
You can survive without breathing.
You are immune to petrification.
You are immune to rotting.
[Scrolls take you longer to read.]
[You are very clumsy. (Dex -4)]
[Armour fits poorly on your strangely shaped body.]
[Your body often deteriorates upon taking damage.]
[You are very dopey. (Int -4)]
[You are very frail (-20% HP).]
[You do not regenerate naturally when monsters are visible.]
[You are sometimes teleported next to monsters.]
[You are very weak. (Str -4)]


Message History

Evoke which item? (* to show all) (? for menu, Esc to quit)
Zapping:
G - a wand of acid {zapped: 6} (will waste charges)
Press: ? - help, Shift-Dir - straight line, f - hell hog
Aim: a hell hog (hasn't noticed you)
The bolt of acid misses the hell hog.
Evoking this partially-identified wand wasted a few charges.
The hell hog breathes fire at you.
The fireball explodes!
The fireball engulfs you!
* * * LOW HITPOINT WARNING * * *
You are too injured to fight recklessly!
You are too injured to fight recklessly!
You are too injured to fight recklessly!
You are too injured to fight recklessly!
You are too injured to fight recklessly!
Drink which item? (? for menu, Esc to quit)
You feel much better. The hell hog breathes fire at you.
The fireball explodes!
The fireball engulfs you!
Ouch! That really hurt!
You die...

#.#. #.. .#.
.# .... .. .
. #...##..#
.h# . # #.
.#..##).#
x#. .
#.#...... #
% #...
*.......# .#
. # ..
#.#.h#.
.##.# . .#
..
##..##......
x . . #
##...@...# #
# #.......#
. ..
####..##.# .
.### .# . #
# . . # ..


You could see a hell hog.

Vanquished Creatures
  The ghost of namelastname112 the Grappler, a journeyman DrMo of Ru (D:12)
  A wretched star (Abyss:3)
  The ghost of Goblin1989 the Martial Artist, a novice DsMo of Cheibriados (D:8)
  An unseen horror (D:11)
  3 hill giants
  2 wizards
  A cyclops (D:11)
  2 ugly things (D:11)
  An apocalypse crab (Abyss:3)
  Joseph (D:8)
  A gargoyle (D:12)
  2 trolls
  A two-headed ogre (D:12)
  3 yaks (D:10)
  2 centaur simulacra (D:11)
  2 hippogriffs
  A hungry ghost (D:12)
  6 vampire mosquitoes (D:12)
  Edmund (D:4)
  A soldier ant (D:10)
  10 orc warriors
  A sky beast (D:9)
  An ice beast (D:11)
  A phantom (D:9)
  4 black bears
  An eye of draining (D:8)
  A wolf (D:11)
  7 ogres
  A small abomination (Abyss:3)
  5 centaurs
  A big kobold (D:10)
  5 giant frogs
  2 gnoll sergeants
  A wyvern skeleton (D:8)
  4 scorpions
  19 killer bees
  2 howler monkeys
  9 wights
  4 crimson imps
  A centaur zombie (D:6)
  2 quasits
  4 giant frog skeletons
  12 hounds
  A wasp zombie (D:7)
  Crazy Yiuf (D:7)
  14 orc priests
  3 jellies
  2 centaur skeletons
  An iguana (D:12)
  14 orc wizards
  9 worker ants
  3 sheep (D:11)
  2 hound zombies
  A hound skeleton (D:10)
  4 worker ant zombies
  17 adders
  12 gnolls
  A howler monkey skeleton (D:7)
  2 shadow imps
  A white imp (D:11)
  3 oozes
  3 adder skeletons
  An adder zombie (D:3)
  A worm (D:5)
  3 dart slugs
  5 giant geckos
  64 orcs
  2 ball pythons (D:1)
  8 giant cockroaches
  7 hobgoblins
  2 jackals (D:6)
  9 quokkas
  8 bats
  A giant gecko skeleton (D:3)
  6 giant newts
  12 goblins
  A jackal skeleton (D:7)
  3 jackal zombies
  9 kobolds
  A quokka skeleton (D:4)
  2 quokka zombies (D:3)
  7 rats
378 creatures vanquished.

Vanquished Creatures (others)
  2 orc wizards
2 creatures vanquished.

Grand Total: 380 creatures vanquished

Notes
Turn   | Place    | Note
--------------------------------------------------------------
     0 | D:1      | Heskey the Gargoyle Fighter began the quest for the Orb.
     0 | D:1      | Reached XP level 1. HP: 14/14 MP: 1/1
   139 | D:1      | Reached XP level 2. HP: 19/19 MP: 2/2
   413 | D:1      | Reached XP level 3. HP: 19/24 MP: 3/3
   881 | D:2      | Reached skill level 4 in Fighting
   912 | D:2      | Found a bloodstained altar of Trog.
   926 | D:2      | Found a radiant altar of Vehumet.
   929 | D:2      | Found an opulent altar of Gozag.
   932 | D:2      | Found a shimmering altar of Xom.
  1206 | D:2      | Found a sparkling altar of Nemelex Xobeh.
  1297 | D:2      | Reached XP level 4. HP: 30/30 MP: 4/4
  1824 | D:3      | Reached XP level 5. HP: 28/34 MP: 5/5
  2038 | D:3      | Reached skill level 5 in Fighting
  2230 | D:3      | HP: 1/35 [orc priest/divine providence (9)]
  2759 | D:4      | Noticed an ogre
  2872 | D:4      | Reached XP level 6. HP: 37/40 MP: 6/6
  2879 | D:4      | Noticed Edmund
  2921 | D:4      | Killed Edmund
  3008 | D:4      | Reached XP level 7. HP: 36/45 MP: 7/7
  3129 | D:4      | Reached skill level 6 in Fighting
  3258 | D:4      | Reached skill level 5 in Shields
  3554 | D:4      | Reached skill level 5 in Armour
  4099 | D:5      | Entered Level 5 of the Dungeon
  4180 | D:5      | Reached skill level 7 in Fighting
  4180 | D:5      | Reached XP level 8. HP: 38/53 MP: 6/8
  5015 | D:6      | Reached skill level 8 in Fighting
  5536 | D:6      | Reached XP level 9. HP: 60/60 MP: 9/9
  5672 | D:6      | Reached skill level 5 in Polearms
  5850 | D:6      | Found a staircase to the Ecumenical Temple.
  5871 | Temple   | Entered the Ecumenical Temple
  5907 | Temple   | Became a worshipper of Warmaster Okawaru
  6038 | D:7      | Reached skill level 9 in Fighting
  6402 | D:7      | Reached * piety under Okawaru
  6442 | D:7      | Found a blossoming altar of Fedhas.
  6687 | D:7      | Found a shadowy altar of Dithmenos.
  6769 | D:7      | Noticed Crazy Yiuf
  6777 | D:7      | Killed Crazy Yiuf
  6797 | D:7      | Noticed a hill giant
  6806 | D:7      | Killed a hill giant
  6806 | D:7      | Reached ** piety under Okawaru
  6806 | D:7      | Reached skill level 10 in Fighting
  6806 | D:7      | Reached XP level 10. HP: 58/68 MP: 7/10
  7578 | D:8      | Noticed Goblin1989's ghost (novice DsMo)
  7913 | D:8      | Killed Goblin1989's ghost
  7913 | D:8      | Reached *** piety under Okawaru
  7913 | D:8      | Reached skill level 11 in Fighting
  8172 | D:8      | Found a shattered altar of Ashenzari.
  8216 | D:8      | Noticed Joseph
  8250 | D:8      | Killed Joseph
  8972 | D:9      | Found a white marble altar of Elyvilon.
  9087 | D:9      | Reached **** piety under Okawaru
  9452 | D:9      | Noticed a wizard
  9464 | D:9      | Killed a wizard
  9464 | D:9      | Reached XP level 11. HP: 76/76 MP: 11/11
  9669 | D:10     | Entered Level 10 of the Dungeon
  9669 | D:10     | Found Cuhiun's Antique Armour Shoppe.
  9728 | D:10     | Noticed ololoev's ghost (journeyman SpGl)
  9729 | D:10     | Noticed a hill giant
  9730 | D:10     | Found a staircase to the Lair.
 10029 | D:9      | Killed a hill giant
 10029 | D:9      | Reached skill level 12 in Fighting
 10279 | D:10     | Found Nexze's Antique Weapon Shoppe.
 10367 | D:10     | Found a staircase to the Orcish Mines.
 10532 | D:10     | Noticed Nergalle
 10559 | D:11     | Reached ***** piety under Okawaru
 10633 | D:11     | Killed an unseen horror
 10750 | D:11     | Noticed a white ugly thing
 10765 | D:11     | Killed a white ugly thing
 10786 | D:11     | Noticed a white ugly thing
 10803 | D:11     | Killed a white ugly thing
 11116 | D:11     | Noticed a hill giant
 11130 | D:11     | Killed a hill giant
 11206 | D:11     | Reached skill level 1 in Invocations
 11265 | D:11     | Reached skill level 13 in Fighting
 11456 | D:11     | Found Zexket's Armour Shoppe.
 11461 | D:11     | Bought a +1 cloak of poison resistance for 162 gold pieces
 11490 | D:11     | Noticed a cyclops
 11524 | D:11     | Killed a cyclops
 11524 | D:11     | Reached XP level 12. HP: 67/84 MP: 12/12
 12103 | D:12     | Reached skill level 10 in Shields
 12475 | D:12     | Received a gift from Okawaru
 12634 | D:12     | Noticed namelastname112's ghost (journeyman DrMo)
 12709 | D:12     | Killed namelastname112's ghost
 12709 | D:12     | Reached ****** piety under Okawaru
 13163 | D:12     | Found a basalt altar of Yredelemnul.
 13296 | D:12     | Reached skill level 10 in Armour
 13322 | D:12     | Cast into level 3 of the Abyss (a wizard)
 13361 | Abyss:3  | Noticed a wretched star
 13402 | Abyss:3  | Killed a wretched star
 13420 | Abyss:3  | Noticed a hell hog
 13424 | Abyss:3  | Killed from afar by a hell hog

Vault maps used:
D:1:      mrwooster_arrival_statue_3
D:2:      grunt_temple_overflow_cloverleaf, grunt_nemelex_the_gamble
D:3:      serial_undead, serial_undead_d, serial_undead_b, serial_undead_d,
          serial_undead_d, serial_bayou_lagoon_b
D:4:      uniq_edmund
D:5:      first_bread, cheibrodos_gnoll_hut
D:6:      temple_pool_b
D:7:      kennysheep_mini_moat, grunt_dithmenos_shadows, grunt_ogre_cave,
          uniq_crazy_yiuf_cottage
D:8:      cheibrodos_ashenzari_chains, uniq_joseph
D:9:      lemuel_doored_altar, lightli_wizard_tower
D:10:     dpeg_lair_monsters, erik_orc_4, serial_shops,
          nicolae_shop_temple_entry_statues_fountains, shop, uniq_nergalle
D:11:     serial_shops, shop, serial_ice, serial_ice_e, serial_ice_o,
          serial_ice_a, serial_ice_g, portal_ice_cave_entry_ice_statue_01
D:12:     minmay_wizard_corner, basic_altar, hangedman_batty
Temple:   circular_temple_12

Skill      XL: |  1  2  3  4  5  6  7  8  9 10 11 12 |
---------------+-------------------------------------+-----
Polearms       | 2 3 4 6 7 8 |  8.4
Fighting       | 4 5 7 8 10 11 13 | 13.7
Armour         | 4 5 6 7 8 9 10 | 10.1
Shields        | 4 5 6 7 8 9 10 | 10.3
Invocations    | 1 3 |  3.1

Action                   |  1- 3 |  4- 6 |  7- 9 | 10-12 || total
-------------------------+-------+-------+-------+-------++-------
Melee: Trident           |   155 |   282 |   635 |  1228 ||  2300
Evoke: Wand              |       |       |     2 |     7 ||     9
  Use: Potion            |       |     1 |    12 |     7 ||    20
       Scroll            |       |       |    15 |    13 ||    28
  Eat: Chunk             |     1 |     7 |     8 |    16 ||    32
       Meat ration       |       |       |     1 |       ||     1
       Beef jerky        |       |       |       |     5 ||     5
       Royal jelly       |       |       |       |     1 ||     1
